AoeStats
← Øa10ŚūnyaØx

African Clearing

511008574Analyzed
4v4 RM · 14d ago on Oct 3, 2026· 52m 9s· 8 players
Game mode
Random Map
Map size
Large (8 player)
Population
200
Speed
Normal
Resources
Standard
Victory
Conquest
Starting age
Dark Age
Ending age
Imperial Age
RankedLock teamsTeams togetherTeam positionsShared explorationLock speedFull tech treeHidden civsTurbo modeCheats
Victory
Defeat
🇺🇸 Teutons · United States
1287
+13
🇹🇼 Spanish · Taiwan
1279
+14
🇨🇳 Huns · China
1265
+14
🇮🇳 Ethiopians · India
1217
+17
vs
🇵🇪 Magyars · Peru
1258
-15
🇩🇪 Romans · Germany
1234
-15
🇹🇷 Khmer · Türkiye
1211
-14
🇺🇸 Persians · United States
1209
-14
Bob
9:55 Loom
13:10 Feudal Age
13:47 Double-Bit Axe
14:35 Scale Mail Armor
14:47 Forging
15:22 Wheelbarrow
14:48 Man-at-Arms
18:02 Town Watch
21:20 Castle Age
21:25 Long Swordsman
22:27 Chain Mail Armor
22:12 Gold Mining
22:41 Bow Saw
26:44 Squires
27:44 Horse Collar
27:47 Pikeman
36:14 Imperial Age
34:54 Gold Shaft Mining
34:14 Stone Mining
34:30 Heavy Plow
36:38 Legionary
38:12 Iron Casting
40:37 Blast Furnace
40:21 Hand Cart
41:11 Halberdier
45:56 Fletching
46:19 Masonry
46:31 Ballistics
50:11 Bodkin Arrow
51:06 Conscription
51:17 Comitatenses
Hero
6:42 Loom
13:35 Feudal Age
14:40 Feudal Age
18:34 Castle Age
17:33 Fishing Lines
17:43 Double-Bit Axe
18:20 Horse Collar
20:22 Wheelbarrow
21:00 Bow Saw
23:26 Gillnets
27:26 Bloodlines
28:13 Husbandry
30:12 Scale Barding Armor
30:49 Forging
34:09 Chain Barding Armor
34:53 Iron Casting
36:22 Murder Holes
37:56 Kamandaran
37:55 Crossbowman
38:42 Thumb Ring
38:29 Fletching
38:40 Padded Archer Armor
39:51 Ballistics
40:05 Bodkin Arrow
40:42 Leather Archer Armor
40:39 Elite Skirmisher
48:28 Imperial Age
48:28 Cavalier
51:31 Chemistry
Oronax
7:18 Loom
14:34 Feudal Age
16:05 Double-Bit Axe
19:45 Castle Age
20:02 Gold Mining
21:13 Scale Barding Armor
48:10 Horse Collar
50:12 Bow Saw
Carlos_Martel12
5:43 Loom
14:31 Feudal Age
15:51 Town Watch
16:48 Double-Bit Axe
19:55 Castle Age
17:55 Horse Collar
18:51 Fletching
20:12 Padded Archer Armor
20:47 Bow Saw
20:39 Heavy Plow
21:25 Bodkin Arrow
22:10 Leather Archer Armor
24:04 Wheelbarrow
29:31 Hand Cart
31:48 Ballistics
32:44 Town Patrol
38:18 Imperial Age
37:39 Scale Barding Armor
37:49 Corvinian Army
39:11 Chain Barding Armor
38:59 Husbandry
39:23 Conscription
39:06 Bracer
40:47 Chemistry
41:18 Plate Barding Armor
41:01 Bloodlines
41:11 Elite Magyar Huszar
43:39 Ring Archer Armor
43:41 Parthian Tactics
44:15 Heavy Cavalry Archer
whitewidow52
4:10 Loom
5:43 Loom
11:53 Feudal Age
17:09 Fletching
24:20 Horse Collar
24:29 Double-Bit Axe
29:11 Castle Age
29:50 Gold Mining
29:51 Stone Mining
29:55 Pikeman
33:59 Squires
36:53 Wheelbarrow
40:14 Hand Cart
40:02 Heavy Plow
40:16 Bow Saw
42:04 Gambesons
42:05 Arson
46:31 Imperial Age
45:01 Scale Mail Armor
45:12 Forging
46:22 Chain Mail Armor
47:52 Iron Casting
48:09 Elite Teutonic Knight
50:28 Plate Mail Armor
50:30 Heavy Scorpion
52:39 Chemistry
52:15 Ballistics
popo770723
5:34 Loom
15:18 Feudal Age
20:33 Castle Age
19:44 Horse Collar
19:52 Double-Bit Axe
22:26 Heavy Plow
25:08 Bloodlines
26:11 Husbandry
27:52 Bow Saw
29:40 Gold Mining
30:28 Wheelbarrow
30:35 Stone Mining
30:51 Town Watch
37:10 Imperial Age
35:35 Hand Cart
35:54 Town Patrol
36:38 Stone Shaft Mining
37:14 Cavalier
38:07 Forging
38:02 Scale Barding Armor
38:20 Conscription
38:36 Paladin
41:17 Iron Casting
41:03 Chain Barding Armor
42:57 Blast Furnace
44:40 Plate Barding Armor
45:54 Fletching
47:39 Bodkin Arrow
Øa10ŚūnyaØx
3:51 Loom
14:16 Feudal Age
15:39 Double-Bit Axe
20:02 Castle Age
19:41 Stone Mining
19:47 Gold Mining
22:53 Bow Saw
23:31 Wheelbarrow
23:36 Forging
23:27 Scale Mail Armor
30:07 Chain Mail Armor
35:33 Iron Casting
39:03 Imperial Age
37:58 Fletching
38:14 Royal Heirs
39:16 Hand Cart
41:04 Two-Man Saw
40:56 Gold Shaft Mining
40:32 Elite Shotel Warrior
41:33 Conscription
41:45 Plate Mail Armor
42:17 Horse Collar
43:57 Heavy Plow
CNZS_carlar
6:14 Loom
13:39 Feudal Age
17:34 Castle Age
16:04 Double-Bit Axe
19:53 Fletching
20:08 Gold Mining
20:31 Bow Saw
27:27 Bodkin Arrow
28:04 Ballistics
30:19 Thumb Ring
31:31 Wheelbarrow
31:25 Horse Collar
38:58 Imperial Age
36:32 Elite Skirmisher
38:50 Padded Archer Armor
39:40 Heavy Cavalry Archer
41:46 Parthian Tactics
42:52 Bracer
46:21 Bloodlines
46:12 Husbandry
52:04 Hand Cart
51:34 Town Watch
52:47 Leather Archer Armor
Connection lost

Rejoining the realm…

Still unreachable

The connection could not be restored.

Session expired

The server has moved on; the page needs a fresh start.